 Dungeon Crawl Stone Soup version 0.19.1-1-g22dce08 (webtiles) character file.

137 Goblin1989 the Conjurer (level 5, 35/35 HPs)
             Began as a Demonspawn Conjurer on Dec 29, 2016.
             Was an Initiate of Vehumet.
             Quit the game on level 3 of the Dungeon on Dec 30, 2016.
             The game lasted 00:17:07 (2951 turns).

Goblin1989 the Conjurer (Demonspawn Conjurer)       Turns: 2951, Time: 00:17:09

Health: 35/35      AC:  6    Str:  9    XL:     5   Next: 0%
Magic:  6/9        EV: 12    Int: 17    God:    Vehumet [......]
Gold:   108        SH:  5    Dex: 18    Spells: 3 memorised, 3 levels left

rFire  . . .     SeeInvis .     q - +1 dagger (protect)
rCold  . . .     Gourm    .     a - +0 robe
rNeg   . . .     Faith    .     (no shield)
rPois  .         Spirit   .     (no helmet)
rElec  .         Reflect  +     (no cloak)
rCorr  .         Harm     .     (no gloves)
MR     .....                    (no boots)
Stlth  ++........               n - +5 amulet of reflection
                                (no ring)
                                u - +5 ring of dexterity

@: no status effects
A: iridescent scales 2, spiny 1
a: Renounce Religion


You were on level 3 of the Dungeon.
You worshipped Vehumet.
Vehumet was noncommittal.
You were not hungry.

You visited 1 branch of the dungeon, and saw 3 of its levels.

You collected 108 gold pieces.

Inventory:

Hand Weapons
 d - a +0 whip
 m - a +0 hunting sling
 q - a +1 dagger of protection (weapon)
Missiles
 o - 100 stones (quivered)
 p - 22 sling bullets
 r - 47 arrows
 w - 21 bolts
Armour
 a - a +0 robe (worn)
Jewellery
 n - a +5 amulet of reflection (around neck)
 s - an uncursed amulet of the gourmand
 u - a +5 ring of dexterity (left hand)
Scrolls
 f - 3 scrolls of teleportation {unknown}
 g - a scroll of immolation {unknown}
 h - a scroll of amnesia {unknown}
 j - 2 scrolls of identify {unknown}
 k - 2 scrolls of noise {unknown}
 l - 2 scrolls of fog {unknown}
 v - a scroll of blinking {unknown}
 x - a scroll of remove curse {unknown}
Potions
 e - a potion of curing {unknown}
 t - a potion of heal wounds {unknown}
Books
 b - a book of Conjurations

   Spells                             Type                      Level
   a - Magic Dart                     Conjuration                  1
   b - Searing Ray                    Conjuration                  2
   c - Dazzling Spray                 Conjuration/Hexes            3
   d - Fulminant Prism                Conjuration/Hexes            4
   e - Iskenderun's Mystic Blast      Conjuration                  4
   f - Iskenderun's Battlesphere      Conjuration/Charms           5
Comestibles
 c - a bread ration {@e1}
 i - 4 meat rations {@e2}


   Skills:
 - Level 1.7 Dodging
 - Level 1.7 Stealth
 + Level 3.2 Spellcasting
 * Level 5.6 Conjurations


You had 3 spell levels left.
You knew the following spells:

 Your Spells              Type           Power        Failure   Level  Hunger
a - Magic Dart            Conj           ###.         1%          1    None
b - Searing Ray           Conj           ###...       2%          2    ##.....
c - Iskenderun's Mystic   Conj           ###.....     21%         4    ####...


Dungeon Overview and Level Annotations

Branches:
Dungeon (3/15)

Altars:
Kikubaaqudgha
Okawaru
Sif Muna
Vehumet
Yredelemnul
The Shining One

Annotations:
D:3 Jessica


Innate Abilities, Weirdness & Mutations

You are mostly covered in iridescent scales. (AC +4)
You are partially covered in sharp spines.


Message History

Aiming: Magic Dart
Press: ? - help, Shift-Dir - straight line, f - orc
Aim: an orc, wielding a falchion (resting)
The magic dart hits the orc.
The orc is severely wounded.
You now have 7/8 mp.
Casting: Magic Dart
Confirm with . or Enter, or press ? or * to list all spells.
Aiming: Magic Dart
Press: ? - help, Shift-Dir - straight line, f/p - orc
Aim: an orc, wielding a falchion (severely wounded)
The magic dart hits the orc.
You kill the orc!
Vehumet accepts your kill.
You have reached level 5!
Your demonic ancestry asserts itself...
Sharp spines emerge from parts of your body.
Health restored: 35 You now have 6/9 mp.
Are you sure you want to abandon this character and quit the game? (Confirm with "yes".)

...██)██.████.███..........█
...██.██.██...........8......
...██.██.██.██..............█
...██.██.██.█████...⌂...⌂....
..███........█ ██...........
..██████.███.██████......███
.......█.............██..█
.......█)..█.███████.██...
█████..█........@.....). ..█
█..█....███████████. █.█
█..∆....█ █.███.██....█
█.....▲....█ ...██....█.██
█.....█....█ ...████.██.█
█.....█.... █..........█
█.....█... █ █..........█
███.......█ . █.........██
█.........███.


There were no monsters in sight!

Vanquished Creatures
  Natasha (D:3)
  3 adders
  2 worms
  A dart slug (D:3)
  A leopard gecko (D:1)
  An orc (D:3)
  10 bats
  4 giant cockroaches
  5 goblins
  9 hobgoblins
  4 jackals (D:3)
  13 kobolds
  2 quokkas
  4 ball pythons
  3 frilled lizards
  9 rats
72 creatures vanquished.

Notes
Turn   | Place    | Note
-------+----------+-------------------------------------------
     0 | D:1      | Goblin1989 the Demonspawn Conjurer began the quest for the Orb.
     0 | D:1      | Reached XP level 1. HP: 13/13 MP: 3/3
   345 | D:1      | Gained mutation: You are partially covered in iridescent scales. (AC +2) [demonic ancestry]
   345 | D:1      | Reached XP level 2. HP: 19/19 MP: 3/5
   404 | D:1      | Learned a level 2 spell: Searing Ray
   404 | D:1      | Found an iron altar of Okawaru.
  1238 | D:1      | Reached XP level 3. HP: 24/24 MP: 0/6
  1963 | D:2      | Reached skill level 5 in Conjurations
  2201 | D:2      | Gained mutation: You are mostly covered in iridescent scales. (AC +4) [demonic ancestry]
  2201 | D:2      | Reached XP level 4. HP: 30/30 MP: 1/8
  2283 | D:2      | Learned a level 4 spell: Iskenderun's Mystic Blast
  2378 | D:3      | Found a glowing golden altar of the Shining One.
  2379 | D:3      | Found a basalt altar of Yredelemnul.
  2384 | D:3      | Found an ancient bone altar of Kikubaaqudgha.
  2384 | D:3      | Found a deep blue altar of Sif Muna.
  2582 | D:3      | Noticed Natasha
  2584 | D:3      | Killed Natasha
  2601 | D:3      | Noticed Jessica
  2725 | D:3      | Found a radiant altar of Vehumet.
  2730 | D:3      | Became a worshipper of Vehumet
  2950 | D:3      | Gained mutation: You are partially covered in sharp spines. [demonic ancestry]
  2950 | D:3      | Reached XP level 5. HP: 35/35 MP: 6/9
  2951 | D:3      | Quit the game

Skill      XL: |  1  2  3  4 |
---------------+-------------+-----
Conjurations   | 5 |  5.6
Spellcasting   | 3 |  3.2
Dodging        | |  1.7
Stealth        | |  1.7

Action                   |  1- 3 |  4- 6 || total
-------------------------+-------+-------++-------
Melee: Whip              |    19 |       ||    19
       Unarmed           |     2 |       ||     2
       Dagger            |     5 |    22 ||    27
 Fire: Hunting sling     |    13 |     9 ||    22
 Cast: Magic Dart        |   100 |    26 ||   126
       Searing Ray       |     2 |       ||     2
       Iskenderun's Myst |       |     4 ||     4
 Stab: Sleeping          |       |     1 ||     1
  Eat: Chunk             |     5 |     3 ||     8
Armor: Robe              |    13 |     7 ||    20
Dodge: Dodged            |    39 |    13 ||    52
Block: Other             |     6 |     7 ||    13
       Reflection        |     1 |       ||     1

Vault maps used:
D:1:      co_arrival_square_in_a_square_in_a_square, serial_curves,
          eino_curves_03, eino_curves_01, okawaru_ov_weapons_minmay
D:3:      lemuel_doored_altar, grunt_temple_overflow_open,
          minmay_misc_feat_ornament, minivault_23, uniq_jessica, uniq_natasha
